Cogmind - Beta 10.2 *** ADVENTURER MODE // 2021.08.26 @ 19:13:57 Player: Jezoensis Result: Self-destructed Performance ------------- Evolutions (1) 500 Regions Visited (6) 1200 Robots Destroyed (53) 265 Value Destroyed (1212) 1212 Prototype IDs (25) 500 Alien Tech Used (0) 0 Bonus (291) 291 TOTAL SCORE: 3968 Bonus ------- Follower Combat Kills 14 Aligned with FarCom 300 Friendly Fire -23 Cogmind --------- Core Integrity 275/400 Matter 227/300 Energy 290/290 System Corruption 0% Temperature Cool (0) Movement Walking (240) Ox4 Location -8/Mines Parts ------- > --- POWER (1) -------- Improved Deuterium Engine > --- PROPULSION (3) --- Light Treads Aluminum Leg > --- UTILITY (3) ------ High-capacity Storage Unit Advanced Terrain Scan Processor > --- WEAPON (2) ------- Shotgun Shotgun > --- INVENTORY (12) --- High-capacity Storage Unit High-capacity Storage Unit Superbattery (2000) Visual Processing Unit Signal Interpreter Hardened Light Armor Plating Heavy Assault Rifle Autogun Autogun Rocket Launcher Peak State ------------ > --- POWER ------------ Improved Deuterium Engine > --- PROPULSION ------- Light Treads Light Treads Improved Treads > --- UTILITY ---------- High-capacity Storage Unit Improved Terrain Scanner Advanced Terrain Scan Processor > --- WEAPON ----------- Shotgun Shotgun > --- INVENTORY -------- Large Storage Unit Superbattery Visual Processing Unit Signal Interpreter Terrain Scan Processor Hardened Light Armor Plating Heavy Assault Rifle Autogun Autogun Shotgun Shotgun Rocket Launcher [Rating: 22] Favorites ----------- Power Ion Engine Engine Ion Engine Propulsion Light Treads Treads Light Treads Leg Aluminum Leg Utility Improved Terrain Scanner Device Improved Terrain Scanner Storage High-capacity Storage Unit Processor Advanced Terrain Scan Processor Weapon Shotgun Energy Gun Particle Gun Ballistic Gun Shotgun Launcher Rocket Launcher Build | -11 -10 -10 -9 -9 -9 -8 ------- Run | Scr Mat Min Mat Min Exi Min Slots Evolved 2 | . . . 2 . . . Power . | . . . . . . . Propulsion 1 | . . . 1 . . . Utility 1 | . . . 1 . . . Weapon . | . . . . . . . Parts Attached 34 | 8 14 . 2 3 . 7 Power 3 | 1 1 . . 1 . . Engine 3 | 1 1 . . 1 . . Core . | . . . . . . . Reactor . | . . . . . . . Propulsion 5 | 2 . . 1 1 . 1 Treads 4 | 2 . . 1 1 . . Leg 1 | . . . . . . 1 Wheel . | . . . . . . . Hover . | . . . . . . . Flight . | . . . . . . . Utility 9 | 3 4 . 1 1 . . Device 3 | 1 2 . . . . . Storage 3 | 2 1 . . . . . Processor 3 | . 1 . 1 1 . . Hackware . | . . . . . . . Protection . | . . . . . . . Artifact . | . . . . . . . Weapon 17 | 2 9 . . . . 6 Energy Gun 5 | 1 4 . . . . . Energy Cannon . | . . . . . . . Ballistic Gun 8 | 1 3 . . . . 4 Ballistic Cannon . | . . . . . . . Launcher 4 | . 2 . . . . 2 Special Weapon . | . . . . . . . Impact Weapon . | . . . . . . . Slashing Weapon . | . . . . . . . Piercing Weapon . | . . . . . . . Special Melee Weapon . | . . . . . . . Unidentified Prototypes . | . . . . . . . Parts Lost 5 | . . . . . . 5 Power . | . . . . . . . Propulsion 2 | . . . . . . 2 Utility 1 | . . . . . . 1 Weapon 2 | . . . . . . 2 Highest Loss Streak 3 | . . . . . . 3 Average Slot Usage (%) 96 | . 93 100 86 99 100 93 Engine 12 | . 14 14 11 11 11 11 Treads 28 | . 28 28 21 32 33 27 Device 10 | . 7 14 11 11 11 10 Storage 12 | . 14 14 11 11 11 11 Processor 6 | . . . 10 11 11 11 Energy Gun 2 | . 11 . . . . . Ballistic Gun 21 | . 14 28 22 22 22 16 Launcher 1 | . 1 . . . . 5 Naked Turns . | . . . . . . . Heaviest Build 50 | 15 44 44 44 49 49 50 Greatest Support 63 | 40 40 40 40 63 63 63 Greatest Overweight (x) 4 | . 1 1 2 1 . 4 Average Overweight (x) . | . . 1 1 . . . Largest Inventory Capacity 14 | 8 14 12 12 12 12 12 Average Capacity 10 | 4 6 12 12 12 12 12 Most Carried 12 | 4 6 6 12 12 12 12 Average Carried 8 | 2 5 5 9 11 11 11 Final Capacity 12 | 6 12 12 12 12 12 12 Final Carried 12 | 4 5 6 12 12 12 10 Class Distribution -------------------- 90% | Mutant 9% | Skirmisher Dominant Class ---------------- Mutant | -10/Materials Mutant | -10/Mines Mutant | -9/Materials Mutant | -9/Mines Mutant | -9/Exiles Skirmisher | -8/Mines Resources | -11 -10 -10 -9 -9 -9 -8 ----------- Run | Scr Mat Min Mat Min Exi Min Matter Collected 1053 | 279 125 40 208 206 . 195 Remotely . | . . . . . . . Salvage Created 1405 | 110 321 . 528 118 . 328 Parts 111 | 7 41 . 35 7 . 21 Haulers Intercepted 2 | . 1 . 1 . . . Recyclers Shooed 3 | . . . . . . 3 Parts Field Recycled . | . . . . . . . Retrieved Matter . | . . . . . . . Parts Self-Destructed . | . . . . . . . Prevented . | . . . . . . . Kills | -11 -10 -10 -9 -9 -9 -8 ------- Run | Scr Mat Min Mat Min Exi Min Combat Hostiles Destroyed 38 | . 12 . 11 2 . 13 Guns 24 | . 6 . 11 2 . 5 AOE 14 | . 6 . . . . 8 Classes Destroyed 12 | 2 6 . 3 . . 1 Worker 3 | . 1 . 2 . . . Builder 1 | . 1 . . . . . Tunneler 3 | 1 . . . . . 2 Hauler 2 | . 1 . 1 . . . Recycler 2 | 1 . . . 1 . . Operator 1 | . . . 1 . . . Watcher 3 | . 2 . 1 . . . Swarmer 15 | . 9 . . 2 . 4 Grunt 18 | . 3 . 7 . . 8 Brawler 1 | . . . . . . 1 Duelist 1 | . . . 1 . . . Sentry 3 | . . . 3 . . . Best Kill Streak 10 | 2 6 . 10 2 . 5 Combat Bots Only 6 | . 6 . 6 2 . 4 Max Kills in Single Turn 3 | 1 2 . 2 1 . 3 Gunslinging . | . . . . . . . Exploded 3 | . 2 . . . . 3 Melee . | . . . . . . . Uniques/NPCs Destroyed . | . . . . . . . Combat | -11 -10 -10 -9 -9 -9 -8 -------- Run | Scr Mat Min Mat Min Exi Min Damage Taken 1036 | . 140 . 452 25 . 419 Core 137 | . 12 . 98 5 . 22 Absorbed by Shields . | . . . . . . . Core Remaining (%) 97 | 100 . 95 . . . . Volleys Fired 80 | 3 16 . 32 5 . 24 Largest 2 | 2 2 . 2 2 . 2 Hottest 130 | 70 130 . 46 46 . 56 Shots Fired 149 | 6 28 . 64 10 . 41 Gun 137 | 6 24 . 64 10 . 33 Cannon . | . . . . . . . Launcher 12 | . 4 . . . . 8 Special . | . . . . . . . Kinetic 126 | 3 16 . 64 10 . 33 Thermal 11 | 3 8 . . . . . Explosive 12 | . 4 . . . . 8 Electromagnetic . | . . . . . . . Robot Hit Streak 30 | 4 25 . 30 28 . 16 Robot Miss Streak 4 | 1 1 . 2 4 . 2 Penetration Max . | . . . . . . . Secondary Targets 3 | . . . 1 . . 2 Max Gunslinging Chain 1 | . . . 1 . . 1 Shots Hit Robots 122 | 4 20 . 57 5 . 36 Core Hits 95 | 3 22 . 33 4 . 33 Critical Hits 1 | . . . 1 . . . Critical Kills . | . . . . . . . Critical Parts Destroyed 1 | . . . 1 . . . Melee Attacks . | . . . . . . . Impact . | . . . . . . . Slashing . | . . . . . . . Piercing . | . . . . . . . Sneak Attacks . | . . . . . . . Combat Hostiles . | . . . . . . . Follow-up Attacks . | . . . . . . . Damage Inflicted 3145 | 60 720 . 881 107 . 1377 Guns 1808 | 60 296 . 881 107 . 464 Cannons . | . . . . . . . Explosions 1322 | . 424 . . . . 898 Melee . | . . . . . . . Ramming 15 | . . . . . . 15 Kinetic 1708 | 36 220 . 881 107 . 464 Thermal 100 | 24 76 . . . . . Explosive 1322 | . 424 . . . . 898 Electromagnetic . | . . . . . . . Impact . | . . . . . . . Slashing . | . . . . . . . Piercing . | . . . . . . . Highest Corruption . | . . . . . . . Average Corruption . | . . . . . . . Corruption Purged . | . . . . . . . Overload Shots . | . . . . . . . Overflow Damage 14 | . . . . . . 14 Projectiles . | . . . . . . . Explosions 14 | . . . . . . 14 Melee . | . . . . . . . Knockbacks . | . . . . . . . Impact . | . . . . . . . Kinetic . | . . . . . . . Secondary . | . . . . . . . Self-Inflicted Damage 62 | . 24 . . . . 38 Shots 3 | . 2 . . . . 1 Rammed 4 | . . . . 1 . 3 Targets Rammed 4 | . . . . 1 . 3 Kicked . | . . . . . . . Crushed . | . . . . . . . Highest Temperature 18 | 18 6 . 1 . . 18 Average Temperature 4 | 9 2 . 1 . . 6 Received Heat Transfer 456 | . 18 . 213 . . 225 Siege Activations . | . . . . . . . Robots Corrupted . | . . . . . . . Combat Hostiles . | . . . . . . . Parts Fried . | . . . . . . . Impact Corruptions . | . . . . . . . Robots Melted . | . . . . . . . Combat Hostiles . | . . . . . . . Parts Melted . | . . . . . . . Heat Transferred 259 | 74 185 . . . . . Parts Sabotaged . | . . . . . . . Parts Stolen . | . . . . . . . Parts Stripped . | . . . . . . . Power Chain Reactions . | . . . . . . . Missiles Intercepted . | . . . . . . . Alert | -11 -10 -10 -9 -9 -9 -8 ------- Run | Scr Mat Min Mat Min Exi Min Peak Influence 357 | 10 211 59 357 122 . 332 Initial 117 | . 5 59 . 117 . . Average 98 | 3 123 32 175 74 . 177 Maximum Alert Level 1 | . 1 . 1 . . 1 Low Security (%) 81 | 100 73 100 46 100 . 52 Level 1 18 | . 26 . 53 . . 47 Level 2 . | . . . . . . . Level 3 . | . . . . . . . Level 4 . | . . . . . . . Level 5 . | . . . . . . . High Security . | . . . . . . . Max Security . | . . . . . . . Squads Dispatched 6 | . 2 . 2 1 . 1 Investigation 5 | . 2 . 2 1 . . Extermination . | . . . . . . . Reinforcement 1 | . . . . . . 1 Assault . | . . . . . . . Garrison . | . . . . . . . Intercept . | . . . . . . . Construction Impeded 1 | . . . . . . 1 Haulers Reinforced . | . . . . . . . Stealth | -11 -10 -10 -9 -9 -9 -8 --------- Run | Scr Mat Min Mat Min Exi Min Distress Signals 2 | . 1 . 1 . . . Communications Jammed . | . . . . . . . Distress Signals . | . . . . . . . Times Spotted 48 | . 15 . 14 5 . 14 Peak Tracking Total 7 | . 6 . 7 4 . 4 Tactical Retreats 5 | . 1 . . 1 . 3 Traps | -11 -10 -10 -9 -9 -9 -8 ------- Run | Scr Mat Min Mat Min Exi Min Traps Triggered 3 | . 1 . 2 . . . Indirectly . | . . . . . . . Trap Hack Attempts . | . . . . . . . Triggered . | . . . . . . . Disarmed . | . . . . . . . Reprogrammed . | . . . . . . . Reused . | . . . . . . . Traps Extracted . | . . . . . . . Installed . | . . . . . . . Triggered . | . . . . . . . Machines | -11 -10 -10 -9 -9 -9 -8 ---------- Run | Scr Mat Min Mat Min Exi Min Machines Disabled . | . . . . . . . Max in Single Turn . | . . . . . . . Machines Sabotaged . | . . . . . . . Garrisons Compromised . | . . . . . . . Overloaded Fab Kills . | . . . . . . . Fab Network Shutdowns . | . . . . . . . Hacking | -11 -10 -10 -9 -9 -9 -8 --------- Run | Scr Mat Min Mat Min Exi Min Machines Accessed 11 | . 5 . 4 1 1 . Terminals 9 | . 5 . 4 . . . Fabricators . | . . . . . . . Repair Stations . | . . . . . . . Recycling Units . | . . . . . . . Scanalyzers . | . . . . . . . Garrison Access . | . . . . . . . Total Hacks 30 | . 16 . 12 1 1 . Successful 15 | . 7 . 6 1 1 . Failed 15 | . 9 . 6 . . . Catastrophic . | . . . . . . . Database Lockouts . | . . . . . . . Manual 27 | . 14 . 12 . 1 . Terminals 28 | . 16 . 12 . . . Fabricators . | . . . . . . . Repair Stations . | . . . . . . . Recycling Units . | . . . . . . . Scanalyzers . | . . . . . . . Garrison Access . | . . . . . . . Terminal Hacks 7 | . 4 . 1 1 1 . Part Schematic 1 | . 1 . . . . . Prototype ID Bank 1 | . 1 . . . . . Open Door 1 | . . . . 1 . . Terminal Index 2 | . 1 . 1 . . . Zone Layout 1 | . 1 . . . . . EX-Prototype ID Bank 1 | . . . . . 1 . Fabricator Hacks . | . . . . . . . Repair Station Hacks . | . . . . . . . Recycling Unit Hacks . | . . . . . . . Scanalyzer . | . . . . . . . Garrison Access Hacks . | . . . . . . . Unauthorized Hacks 8 | . 3 . 5 . . . Terminals 8 | . 3 . 5 . . . Track 2 | . 1 . 1 . . . Botnet 4 | . 2 . 2 . . . Disrupt 1 | . . . 1 . . . Operators 1 | . . . 1 . . . Fabricators . | . . . . . . . Repair Stations . | . . . . . . . Recycling Units . | . . . . . . . Scanalyzers . | . . . . . . . Garrison Access . | . . . . . . . Data Cores Recovered 1 | . . . 1 . . . Used . | . . . . . . . Hacking Detections 9 | . 5 . 4 . . . Full Trace Events 2 | . 1 . 1 . . . Feedback Events . | . . . . . . . Feedback Blocked . | . . . . . . . Robot Schematics Acquired . | . . . . . . . Robots Built . | . . . . . . . Matter . | . . . . . . . Time . | . . . . . . . Total Robot Build Rating . | . . . . . . . Part Schematics Acquired 1 | . 1 . . . . . Parts Built . | . . . . . . . Matter . | . . . . . . . Time . | . . . . . . . Total Part Build Rating . | . . . . . . . Parts Repaired . | . . . . . . . Time . | . . . . . . . Parts Recycled . | . . . . . . . Recycled Matter . | . . . . . . . Retrieved Matter . | . . . . . . . Retrieved Components . | . . . . . . . Parts Scanalyzed . | . . . . . . . Part Schematics Acquired . | . . . . . . . Parts Damaged . | . . . . . . . Bothacking | -11 -10 -10 -9 -9 -9 -8 ------------ Run | Scr Mat Min Mat Min Exi Min Used RIF Installer . | . . . . . . . Robots Hacked . | . . . . . . . Non-combat . | . . . . . . . Combat . | . . . . . . . Robot Hacks Applied . | . . . . . . . Relay Couplers Released . | . . . . . . . Robots Rewired . | . . . . . . . Allies Hacked . | . . . . . . . Hacks Repelled . | . . . . . . . Allies | -11 -10 -10 -9 -9 -9 -8 -------- Run | Scr Mat Min Mat Min Exi Min Total Allies 5 | . . . . 5 . . Largest Group 5 | . . . . 5 . . Highest-Rated Group 79 | . . . . 79 . . Highest-Rated Ally 31 | . . . . 31 . . Total Orders . | . . . . . . . Ally Attacks 20 | . . . . 20 . . Total Damage 187 | . . . . 187 . . Kills 2 | . . . . 2 . . Allies Corrupted . | . . . . . . . Allies Melted . | . . . . . . . Intel | -11 -10 -10 -9 -9 -9 -8 ------- Run | Scr Mat Min Mat Min Exi Min Robot Analysis Total . | . . . . . . . Derelict Logs Recovered . | . . . . . . . Drone Launches . | . . . . . . . Drone Recoveries . | . . . . . . . Exploration | -11 -10 -10 -9 -9 -9 -8 ------------- Run | Scr Mat Min Mat Min Exi Min Turns Passed 3338 | 84 590 723 347 766 407 421 Spaces Moved 1797 | 42 309 402 131 461 252 200 Core 7 | 7 . . . . . . Treads 1789 | 35 309 402 131 461 252 199 Legs 1 | . . . . . . 1 Wheels . | . . . . . . . Hover . | . . . . . . . Flight . | . . . . . . . Fastest Speed 50 | 50 160 180 180 160 160 160 Average Speed 167 | 141 162 180 180 161 160 169 Slowest Speed 240 | 160 180 180 200 180 160 240 Overloaded Moves . | . . . . . . . Propulsion Burnouts . | . . . . . . . Robots Hopped . | . . . . . . . Cave-ins Triggered . | . . . . . . . Exploration Rate (%) 55 | 3 67 94 19 84 70 54 Regions Visited 6 Branch Regions 4 Pre-discovered Areas . | . . . . . . . Known Exits Taken 1 | . . 1 . . . . Unknown Exits Taken 5 | 1 1 . 1 1 1 . Scrap Searched 2 | . . 1 . 1 . . Spaces Dug . | . . . . . . . Terrain Destroyed 88 | . 16 . . . . 72 Melee . | . . . . . . . Projectile . | . . . . . . . AOE 88 | . 16 . . . . 72 Terrain Rammed . | . . . . . . . Walls Destroyed . | . . . . . . . Machines Disabled . | . . . . . . . Actions | -11 -10 -10 -9 -9 -9 -8 --------- Run | Scr Mat Min Mat Min Exi Min Total 1978 | 58 375 402 177 472 257 237 Wait 11 | . 1 . 7 . . 3 Move 1791 | 41 308 401 130 460 251 200 Hop . | . . . . . . . Pick Up 34 | 6 17 1 6 1 3 . Fast Attach 13 | 5 3 . 2 2 . 1 Attach 10 | 2 6 . . . . 2 Detach 1 | . 1 . . . . . Swap 11 | 1 5 . . 1 . 4 Drop 23 | . 18 . . 2 3 . Fire 80 | 3 16 . 32 5 . 24 Melee . | . . . . . . . Ram . | . . . . . . . Kick . | . . . . . . . Crush 4 | . . . . 1 . 3 Escape Stasis . | . . . . . . . Rewire . | . . . . . . . Trap . | . . . . . . . Miscellaneous . | . . . . . . . Route ------- -11/Scrapyard -10/Materials (discovered 3 exits: *Mat x2 / [*Min]) -10/Mines (discovered 2 exits: *Mat x2) -9/Materials (discovered 2 exits: *Min / [*Sto]) -9/Mines (discovered 3 exits: [*Mat x2] / *Exi) -9/Exiles -8/Mines (discovered 1 exit: [Mat]) History --------- Turn | Location | Event 18 | -11/Scrapyard | Discovered new exit (range 15) 85 | -11/Scrapyard | Entered Materials 195 | -10/Materials | Discovered new exit (range 13) 300 | -10/Materials | Build established: Mutant 333 | -10/Materials | Discovered new exit (range 16) 357 | -10/Materials | Identified exit to Materials 564 | -10/Materials | Discovered exit to Materials (range 11) 675 | -10/Materials | Entered Mines 917 | -10/Mines | Discovered exit to Materials (range 5) 924 | -10/Mines | Received a Rocket Launcher from a helpful Derelict 1134 | -10/Mines | Discovered exit to Materials (range 9) 1398 | -10/Mines | Entered Materials 1398 | -9/Materials | Evolved 2 slots: Propulsion x1, Utility x1 1649 | -9/Materials | Discovered new exit (range 16) 1660 | -9/Materials | Discovered new exit (range 12) 1745 | -9/Materials | Entered Mines 1754 | -9/Mines | Assisted by bots powering up and referring to "LRC-V3" 1833 | -9/Mines | Discovered new exit (range 8) 1924 | -9/Mines | Discovered new exit (range 4) 2221 | -9/Mines | Met a Derelict shopkeep closing up shop 2480 | -9/Mines | Assembled infested the area 2504 | -9/Mines | Discovered new exit (range 5) 2511 | -9/Mines | Entered Exiles 2550 | -9/Exiles | Met 8R-AWN 2579 | -9/Exiles | Met EX-HEX 2622 | -9/Exiles | Met EX-BIN 2639 | -9/Exiles | Aligned with FarCom system 2641 | -9/Exiles | Given EX-Vault access code 2678 | -9/Exiles | Opened EX-Vault 2691 | -9/Exiles | Found Superbattery 2723 | -9/Exiles | Warned to stay clear of 0b10 Research branches 2830 | -9/Exiles | Met EX-DEC 2898 | -9/Exiles | Discovered new exit (range 15) 2918 | -9/Exiles | Left Exiles lab with Superbattery 2918 | -9/Exiles | Entered Mines 3295 | -8/Mines | Discovered new exit (range 15) 3339 | -8/Mines | Self-destructed Last Messages --------------- 03204_ U-05 Engineer builds a Wall. 03209_ U-05 Engineer lays Concrete. 03210_ U-05 Engineer builds a Wall. 03219_ Acquired 30 matter. 03224_ Slammed into T-07 Excavator. 03268_ U-05 Engineer lays Concrete. 03288_ Seismic Survey Station disabled. 03295_ EXIT=FOUND 03302_ T-07 Excavator destroyed. 03306_ G-47 Trooper destroyed. 03306_ Switching to secondary target: G-47 Trooper. 03309_ Shotgun destroyed. 03313_ Imp. Terrain Scanner destroyed. 03316_ G-47 Trooper destroyed. 03316_ Switching to secondary target: G-50 Soldier. 03326_ Imp. Treads destroyed. 03328_ G-50 Soldier destroyed. 03331_ Acquired 32 matter. 03335_ Acquired Aluminum Leg. 03337_ Acquired 38 matter. Map ----- +----------------------------------------------------+ | | | ??????????????????????????????????#??#?##?#? | | ??????????????????????????????????#?##?#?##? | | ????????????????????????????????#######??##? | | ???????????????????????????????###?###?##### | | ??????????????????????????????##??#?##?#?### | | ???????????????????????????#?####??######### | | ????????????????????????????##?############# | | ???????????????????????????#??####?#?####### | | ?????????????????????????#???#?######?###### | | ?????????????????????????#??################ | | ??????????????????????#??#?##?#?####?####### | | ????????????????????? ??? #?###?####?#?#### | | ??????????????#??"?"? ? ################# | | ???????????#??????"? ?? ?######?###### | | ????????????#?## "?" < ############## ## | | ????????#???#?#? ??? #?############ ## | | ????????##??##?#?""" """ ###?#### / ## | | ???????####??### """ """ ######## ##### ## | | ?????#?##??##### """ """ ######## ##### | | ???????###??#?## ##?##### ##### # | | ???????????#??## """ """ ######## ##### # | | ??????###??##### "" "" ######## ##### # | | ????#?##?####?##t""" """ ######## ##### # | | ???#????####?### =% #####?## ##### # | | ????#??###########*@ ####?######### ##### # | | ????????##???# ####?###### #### # | | ?????## ####### * ######## # | | ?????# | | ?????# % % | | ??#??# # # # ######## | | ??##### ?# # # ########?### | | ???#??## ?## ## ############### = | | ???????#?#?##???###?######?#?##### | | ???#?####?###???####?###### ###### | | ?????#########? ? ###### | | ?????##?###? ??? ####?#### #?#### | | ????????? ? ? ?? #####?#??? ? ##?### | | ??????##?? ? #??###?###### ####### | | ??????? ? ??#?? ####??### ####### # | | ??????? ? #?## #?####?# ###### # | | ?????????? ##?#?#?###?# ###### # | | ????????????? ? #?#?## ? ##?#?## # | | ???????????###???##?#?? ? ####??## # | | ??????????????????#??????? ?? #?### ## | | ??????????????????????? ?#?????#?### | | ???????????????????????????##?????#?#### ## | | ?????????????????????????##?#?# ###?#### ## | | ????????????????????????????#?# ? ???# # | | ??????????????????????????????#?#?#??#?### # | +----------------------------------------------------+ Best States ------------- Heat Dissipation 47 Energy Generation 16 Energy Capacity 290 Matter Stores 300 Matter Capacity 300 Sight Range 16 Terrain Scan Range 16 Terrain Scan Density 210 Resistance: KI 20 Resistance: TH 20 Resistance: EX 20 Resistance: EM 20 Resistance: I 20 Resistance: S 20 Resistance: P 20 Evasion (%) 50 Recoil Reduction 3 Offensive Hacking 10 Item Schematics ----------------- Hcp. Storage Unit | -10/Materials | Hacked Robot Schematics ------------------ None Fabricated ------------ Nothing Alien Tech Used ----------------- None Achievements -------------- None Challenges ------------ None Game ------ Seed SmallSalvageMapper Manual? 0 Play Time 00:26:30 Cumulative 179.1 hours Start 2021.08.26 @ 18:50:25 End 2021.08.26 @ 19:13:57 Sessions 1 Manual Loads 0 Difficulty Adventurer Special Mode None Game No. 76 Rogue 5 Adventurer 69 Explorer 2 Win Type - Total 8 Types 8/0/0/0/0/0/0/0/0 Lore% 31 Gallery% 66 Achievement% 44 Wizard Run 0 Options --------- ASCII 0 Keyboard 1 Movement Numpad Keybinds 0 Fullscreen 1 Font 36/TerminusFine Map View 76x50 Tactical HUD 1 Map Filters NONE Filters NONE Steam 1 RUN: 5dad970a-35cf-40d8-a6ae-f114791d92c1